 Dungeon Crawl Stone Soup version 0.29.0-13-gc9e81de378 (webtiles) character file.

Game seed: 6162094432614048371

6042 sanka the Martial Artist (level 10, -4/91 HPs)
             Began as a Red Draconian Monk on Sept 8, 2022.
             Was a Believer of the Shining One.
             Slain by an orc wizard
             ... wielding a +1 dagger of venom
              (5 damage)
             ... on level 8 of the Dungeon.
             The game lasted 00:12:58 (8781 turns).

sanka the Martial Artist (Red Draconian Monk)       Turns: 8781, Time: 00:12:59

Health: -4/91      AC:  7    Str: 13    XL:     10   Next: 57%
Magic:  16/16      EV: 13    Int: 19    God:    the Shining One [**....]
Gold:   340        SH:  0    Dex: 16    Spells: 7/17 levels left

rFire   + + .      SeeInvis .   n - +9 dagger of Causality {vorpal, rN++}
rCold   . . .      Faith    .   (no shield)
rNeg    + + +      Spirit   .   (body armour unavailable)
rPois   +          Reflect  .   j - +0 hat
rElec   .          Harm     .   (no cloak)
rCorr   .          Rampage  .   (no gloves)
Will    +....                   (no boots)
Stlth   +.........              s - amulet of the acrobat
HPRegen 0.25/turn               u - ring of poison resistance
MPRegen 0.15/turn               z - ring of Wivaid {rF+ Will+ Int+4 Dex+2}

@: lethally poisoned (-4 -> -7), silenced, glowing
A: breathe fire, AC +7, unfitting armour, fire resistance 1, cold-blooded
a: Breathe Fire, Renounce Religion


You were on level 8 of the Dungeon.
You worshipped the Shining One.
The Shining One was pleased with you.
You visited 2 branches of the dungeon, and saw 9 of its levels.

You collected 340 gold pieces.


Innate Abilities, Weirdness & Mutations

You can breathe blasts of fire.
Your fiery red scales are hard. (AC +7)
You cannot fit into any form of body armour.
Your flesh is heat resistant. (rF+)
You are cold-blooded and may be slowed by cold attacks.


   Skills:
 + Level 9.5 Fighting
 - Level 2.6 Dodging
 - Level 1.7 Stealth
 + Level 9.6 Unarmed Combat
 - Level 4.0 Spellcasting
 + Level 8.1 Transmutations
 + Level 4.9 Invocations


You had 7 spell levels left.
You knew the following spells:

 Your Spells              Type           Power      Damage    Failure   Level
x - Blade Hands           Tmut           17%        N/A       14%         5
z - Spider Form           Tmut/Pois      19%        N/A       8%          3
N - Passwall              Tmut/Erth      15%        N/A       4%          2

Your spell library contained the following spells:

 Spells                   Type           Power      Damage    Failure   Level
 Sandblast                Erth           6%         2d5       14%         1
 Summon Small Mammal      Summ           12%        N/A       14%         1
 Ignite Poison            Fire/Tmut/Pois 14%        N/A       14%         3
 Ensorcelled Hibernation  Hex/Ice        6%         N/A       21%         2
 Call Canine Familiar     Summ           3%         N/A       38%         3
 Frozen Ramparts          Ice            6%         1d1       38%         3
 Portal Projectile        Hex/Tloc       6%         N/A       38%         3
 Stone Arrow              Conj/Erth      6%         3d7       38%         3
 Summon Guardian Golem    Hex/Summ       3%         N/A       38%         3
 Tukima's Dance           Hex            3%         N/A       38%         3
 Metabolic Englaciation   Hex/Ice        1%         N/A       98%         5

Inventory:

Hand Weapons
 n - the +9 dagger of Causality (weapon) {vorpal, rN++}

   It inflicts extra damage upon your enemies.
   rN:        It greatly protects you from negative energy.
Armour
 j - a +0 hat (worn)
 I - the +3 hat of Pondering {ponderous, Will+ MP+10 Int+5}

   Int:       It affects your intelligence (+5).
   MP:        It affects your magic capacity (+10).
   Will:      It increases your willpower.
Jewellery
 b - a ring of ice
 s - an amulet of the acrobat (around neck)
 u - a ring of poison resistance (left hand)
 z - the ring of Wivaid (right hand) {rF+ Will+ Int+4 Dex+2}

   [ring of willpower]

   Int:       It affects your intelligence (+4).
   Dex:       It affects your dexterity (+2).
   rF:        It protects you from fire.
   Will:      It increases your willpower.
 D - an amulet of regeneration
Wands
 h - a wand of paralysis (14)
 F - a wand of iceblast (7)
 H - a wand of polymorph (7)
Scrolls
 a - 2 scrolls of blinking
 e - 3 scrolls of teleportation {@r4}
 f - 2 scrolls of fear
 m - 2 scrolls of vulnerability {!r}
 q - 3 scrolls of poison
 w - a scroll of magic mapping {unknown}
 x - a scroll of noise {unknown}
 y - 2 scrolls of amnesia
 C - a scroll of enchant armour {unknown}
Potions
 c - 2 potions of lignification {unknown}
 d - a potion of attraction {unknown}
 g - a potion of degeneration {unknown}
 i - 7 potions of curing {unknown}
 k - a potion of mutation {unknown}
 l - 2 potions of magic {unknown}
 o - a potion of might {unknown}
 r - 2 potions of haste {unknown}
 t - a potion of berserk rage {unknown}
 A - 2 potions of resistance {unknown}
 B - a potion of brilliance {unknown}
 E - 2 potions of heal wounds {unknown}
 G - a potion of ambrosia

Dungeon Overview and Level Annotations

Branches:
Dungeon (8/15)             Temple (1/1) D:7
   Lair: D:8-11

Altars:
Ashenzari
Cheibriados
Dithmenos
Elyvilon
Fedhas
Gozag
Hepliaklqana
Kikubaaqudgha
Makhleb
Nemelex Xobeh
Qazlal
Ru
Sif Muna
Trog
Uskayaw
Vehumet
Wu Jian
Xom
Yredelemnul
Zin
The Shining One

Shops:
D:5 ( D:6

= ... ..▒▒ .... ▒...
..▒ ▒... ..▒
▒....▒▒▒▒+▒▒▒.▒▒▒▒▒▒▒
+.[..+....o..g..o....
▒....▒▒+▒dgg.........
▒.........▒▒▒▒▒▒▒▒▒
▒.........▒
▒.........▒
▒▒......(..▒
▒..........▒
▒▒..........▒
..........▒▒▒ ▒▒▒
▒.▒▒.......▒▒▒▒▒ ...
▒


You could see an orc wizard, 3 gnolls and an orc (wandering).


Message History

The gnoll moves out of view.
A gnoll comes into view. It is wielding a +0 halberd.
The orc wizard misses you.
A gnoll comes into view. It is wielding a +0 spear.
You barely miss the orc wizard. The orc wizard barely misses you.
You barely miss the orc wizard. The gnoll hits you with a +0 flail.
* * * LOW HITPOINT WARNING * * *
The orc wizard hits you with a +1 dagger of venom.
* * * LOW HITPOINT WARNING * * *
You are lethally poisoned!
* * * LOW HITPOINT WARNING * * *
You feel very sick. The gnoll barely misses you.
The gnoll attacks as you move away! The gnoll completely misses you.
* * * LOW HITPOINT WARNING * * *
You feel very sick. The gnoll completely misses you.
* * * LOW HITPOINT WARNING * * *
You feel sick.
* * * LOW HITPOINT WARNING * * *
You feel sick.
There is a stone staircase leading up, spattered with blood here.
* * * LOW HITPOINT WARNING * * *
You feel sick. The gnoll barely misses you.
The orc wizard hits you with a +1 dagger of venom.
You die...

Action                   |  1- 3 |  4- 6 |  7- 9 | 10-12 || total
-------------------------+-------+-------+-------+-------++-------
Melee: Unarmed           |   144 |       |       |       ||   144
       Tailslap          |    14 |    12 |    31 |     6 ||    63
       Punch             |     4 |     2 |     5 |     6 ||    17
       Dagger            |     5 |   100 |   160 |    41 ||   306
 Abil: Breathe Fire      |       |       |    11 |     7 ||    18
  Use: Potion            |       |     1 |       |       ||     1
       Scroll            |       |       |       |     8 ||     8
 Stab: Sleeping          |     4 |     1 |     1 |       ||     6
Armor: Skin              |    35 |    16 |    25 |     8 ||    84
Dodge: Dodged            |    85 |    64 |   113 |    62 ||   324

Levels and vault maps discovered:
D:1:      spicycebolla_arrival_clurvy, layout_basic,
          ebering_ecumenical_altar_ruins
D:2:      kennysheep_six_static_rooms, layout_loops_ring
D:3:      layout_loops_ring, kennysheep_boxes
D:4:      layout_basic, minmay_between
D:5:      layout_rooms, grunt_temple_overflow_open, lemuel_doored_altar,
          serial_shops, kennysheep_mini, uniq_pikel, uniq_blork_the_orc,
          uniq_sigmund
D:6:      layout_rooms, xom_teletrap_fun, serial_shops, shop,
          minmay_misc_feat_columns
D:7:      cheibrodos_statue_roulette, layout_basic,
          minmay_temple_entry_glassed_door, hangedman_glass_teeth
D:8:      layout_basic, enter_bailey_2, grunt_decor_one_mirror, uniq_gastronok
Temple:   hellmonk_temple_of_storms

Notes
Turn   | Place    | Note
-------+----------+-------------------------------------------
     0 | D:1      | sanka the Draconian Monk began the quest for the Orb.
     0 | D:1      | Reached XP level 1. HP: 19/19 MP: 1/1
   220 | D:1      | Reached XP level 2. HP: 23/26 MP: 2/2
   259 | D:1      | Found a faded altar of an unknown god.
   275 | D:1      | Got Leyhy's Anthology of Putrescence and Frostbite
   498 | D:1      | Reached skill level 4 in Unarmed Combat
   753 | D:1      | Reached XP level 3. HP: 27/31 MP: 3/3
  1071 | D:2      | Identified the +9 dagger of Causality {vorpal, rN++}
  1685 | D:3      | Reached XP level 4. HP: 25/38 MP: 4/4
  2208 | D:3      | Reached skill level 5 in Unarmed Combat
  2208 | D:3      | Reached skill level 1 in Transmutations
  2398 | D:3      | Reached XP level 5. HP: 46/46 MP: 5/5
  2658 | D:4      | Learned a level 3 spell: Spider Form
  2823 | D:4      | Reached skill level 4 in Fighting
  3079 | D:4      | Identified the ring of Wivaid {rF+ Will+ Int+4 Dex+2}
  3230 | D:3      | Reached skill level 2 in Transmutations
  3333 | D:5      | Entered Level 5 of the Dungeon
  3333 | D:5      | Noticed an ogre
  3335 | D:5      | Noticed a phantom
  3337 | D:5      | Killed an ogre
  3338 | D:5      | Reached XP level 6. HP: 33/53 MP: 6/6
  3478 | D:5      | Noticed Blork the orc
  3589 | D:4      | Killed Blork the orc
  3590 | D:4      | Reached skill level 5 in Fighting
  3590 | D:4      | Reached skill level 3 in Transmutations
  3710 | D:5      | Noticed Sigmund
  3726 | D:5      | Found Pucofynion's Weapon Shop.
  3758 | D:5      | Found a glowing silver altar of Zin.
  3822 | D:5      | Noticed Pikel
  3857 | D:4      | Reached skill level 6 in Unarmed Combat
  4006 | D:4      | Your scales start taking on a fiery red colour.
  4006 | D:4      | Reached XP level 7. HP: 55/61 MP: 7/7
  4006 | D:4      | Gained mutation: Your flesh is heat resistant. (rF+) [Red
                  | Draconian growth]
  4220 | D:5      | Killed Sigmund
  4221 | D:5      | Reached skill level 4 in Transmutations
  4317 | D:5      | Killed Pikel
  4318 | D:5      | Reached skill level 6 in Fighting
  4318 | D:5      | Reached skill level 7 in Unarmed Combat
  4318 | D:5      | Reached skill level 5 in Transmutations
  4318 | D:5      | Reached XP level 8. HP: 46/71 MP: 8/8
  4505 | D:5      | Reached skill level 7 in Fighting
  4735 | D:5      | Found a snail-covered altar of Cheibriados.
  4735 | D:5      | Found a bloodstained altar of Trog.
  4739 | D:5      | Found a burning altar of Makhleb.
  4739 | D:5      | Found a blossoming altar of Fedhas.
  4757 | D:5      | Learned a level 2 spell: Passwall
  4925 | D:6      | Found Uplaha Hifai's Jewellery Shoppe.
  5337 | D:6      | Reached skill level 6 in Transmutations
  5384 | D:6      | Found a shimmering altar of Xom.
  5450 | D:6      | Reached skill level 8 in Unarmed Combat
  5450 | D:6      | Reached skill level 1 in Spellcasting
  5602 | D:6      | Reached XP level 9. HP: 79/79 MP: 10/10
  6206 | D:7      | Reached skill level 2 in Spellcasting
  6433 | D:7      | Reached skill level 8 in Fighting
  6543 | D:7      | Found a staircase to the Ecumenical Temple.
  6574 | Temple   | Entered the Ecumenical Temple
  6713 | Temple   | Became a worshipper of the Shining One
  6713 | Temple   | Reached * piety under the Shining One
  6713 | Temple   | Reached ** piety under the Shining One
  6883 | D:7      | Learned a level 5 spell: Blade Hands
  7119 | D:7      | Reached skill level 1 in Invocations
  7523 | D:7      | Noticed a gargoyle
  7526 | D:7      | Killed a gargoyle
  7527 | D:7      | Reached skill level 2 in Invocations
  7553 | D:7      | Noticed a gargoyle
  7557 | D:7      | Killed a gargoyle
  7558 | D:7      | Reached skill level 3 in Spellcasting
  7558 | D:7      | Reached skill level 7 in Transmutations
  7624 | D:7      | Noticed a gargoyle
  7627 | D:7      | Killed a gargoyle
  7628 | D:7      | Reached skill level 3 in Invocations
  7707 | D:7      | Noticed a gargoyle
  7713 | D:7      | HP: 5/82 [gargoyle/stone arrow (15)]
  7714 | D:7      | Killed a gargoyle
  7715 | D:7      | Reached XP level 10. HP: 6/90 MP: 15/15
  8057 | D:7      | Noticed a gargoyle
  8060 | D:7      | Killed a gargoyle
  8061 | D:7      | Reached skill level 9 in Unarmed Combat
  8347 | D:7      | Reached skill level 9 in Fighting
  8402 | D:8      | Noticed Gastronok
  8419 | D:7      | Reached skill level 4 in Spellcasting
  8565 | D:8      | Killed Gastronok
  8566 | D:8      | Reached skill level 4 in Invocations
  8705 | D:8      | Reached skill level 8 in Transmutations
  8740 | D:7      | HP: 7/91 [hornet (6)]
  8777 | D:8      | HP: 8/91 [poisoned by an orc wizard]
  8780 | D:8      | HP: 3/91 [poisoned by an orc wizard]
  8781 | D:8      | HP: 1/91 [poisoned by an orc wizard]
  8781 | D:8      | Slain by an orc wizard

Vanquished Creatures
  Gastronok (D:8)
  Pikel (D:5)
  5 gargoyles (D:7)
  2 hornets (D:7)
  Sigmund (D:5)
  A wraith (D:8)
  A steam dragon (D:7)
  A water moccasin (D:7)
  A sky beast (D:6)
  A black bear (D:5)
  An ice beast (D:6)
  2 ogres
  A lemure (D:5)
  4 phantoms
  2 gnoll sergeants
  3 bullfrogs
  Blork the orc (D:4)
  A necrophage (D:6)
  A scorpion (D:6)
  3 wights (D:7)
  4 killer bees (D:7)
  A howler monkey (D:7)
  7 hounds
  A jelly (D:7)
  2 orc priests (D:7)
  3 orc wizards (D:7)
  11 gnolls
  4 adders
  A worm (D:3)
  2 dart slugs
  11 orcs
  4 bats
  4 endoplasms
  2 giant cockroaches
  12 hobgoblins
  4 jackals (D:1)
  4 quokkas
  8 ball pythons
  6 frilled lizards
  9 goblins
  8 kobolds
  8 rats
150 creatures vanquished.
